 Dungeon Crawl Stone Soup version 0.29-a0-653-gd47aff6735 (webtiles) character file.

Game seed: 7170813692138548347

172764 Sobieck the Spry (level 17, -3/88 HPs)
             Began as a Spriggan Arcane Marksman on June 21, 2022.
             Was the Champion of Dithmenos.
             Slain by a spark wasp (14 damage)
             ... on level 4 of the Spider Nest.
             The game lasted 02:10:33 (36004 turns).

Sobieck the Spry (Spriggan Arcane Marksman)        Turns: 36004, Time: 02:10:33

Health: -3/88      AC:  7    Str:  6    XL:     17   Next: 41%
Magic:  9/30       EV: 37    Int: 20    God:    Dithmenos [******]
Gold:   2624       SH:  0    Dex: 22    Spells: 17/32 levels left

rFire   . . .      SeeInvis +   a - +9 shortbow {bow}
rCold   . . .      Faith    .   (shield currently unavailable)
rNeg    . . .      Spirit   .   X - +0 robe of Magic {Will+ Regen+ Int+4}
rPois   .          Reflect  .   w - +2 hat {Stlth+}
rElec   .          Harm     .   L - +2 cloak
rCorr   .          Rampage  .   (gloves unavailable)
Will    +++..                   (boots unavailable)
Stlth   +++++.....              s - amulet of regeneration {@e2}
HPRegen 1.84/turn               r - ring of wizardry
MPRegen 0.22/turn               f - +4 ring of slaying

@: confused, ambrosia-drunk, wreathed by umbra, studying Armour, very quick
A: very small, no large weapons, unfitting armour, see invisible, speed 3, frail
1
a: Renounce Religion, Shadow Step, Shadow Form


You were on level 4 of the Spider Nest.
You worshipped Dithmenos.
Dithmenos was exalted by your worship.
You visited 6 branches of the dungeon, and saw 29 of its levels.
You also visited: Gauntlet and Ice Cave.

You collected 3638 gold pieces.
You spent 1014 gold pieces at shops.


Innate Abilities, Weirdness & Mutations

You are very small and have problems with some larger weapons.
You are too small for most types of armour.
You have supernaturally acute eyesight. (SInv)
You cover ground extremely quickly. (Speed+++)
You are frail. (-10% HP)


   Skills:
 + Level 14.8 Fighting
 - Level 16.0 Bows
 + Level 19.8 Dodging
 + Level 7.4 Stealth
 - Level 8.0 Spellcasting
 + Level 5.3 Hexes
 - Level 5.0 Translocations
 + Level 0.9 Air Magic
 - Level 8.0 Poison Magic
 + Level 13.9 Invocations


You had 17 spell levels left.
You knew the following spells:

 Your Spells              Type           Power      Damage    Failure   Level
a - Slow                  Hex            100%       N/A       1%          1
b - Portal Projectile     Hex/Tloc       56%        N/A       1%          3
c - Olgreb's Toxic Radia  Pois           40%        N/A       1%          4
d - Blink                 Tloc           56%        N/A       1%          2
e - Silence               Hex/Air        10%        N/A       26%         5

Your spell library contained the following spells:

 Spells                   Type           Power      Damage    Failure   Level
 Sting                    Tmut/Pois      96%        1d7       1%          1
 Poisonous Vapours        Pois/Air       50%        N/A       1%          2
 Lesser Beckoning         Tloc           28%        N/A       1%          3
 Magic Dart               Conj           32%        1d4       3%          1
 Dazzling Flash           Conj/Hex       36%        N/A       3%          3
 Inner Flame              Hex/Fire       18%        N/A       3%          3
 Mephitic Cloud           Conj/Pois/Air  19%        N/A       3%          3
 Static Discharge         Conj/Air       9%         N/A       4%          2
 Cause Fear               Hex            14%        N/A       4%          4
 Passage of Golubria      Tloc           28%        N/A       4%          4
 Call Imp                 Summ           8%         N/A       5%          2
 Sublimation of Blood     Necr           8%         N/A       5%          2
 Wereblood                Tmut           8%         N/A       5%          2
 Frozen Ramparts          Ice            16%        1d3       11%         3
 Corpse Rot               Necr/Pois/Air  19%        N/A       11%         4
 Manifold Assault         Tloc           28%        N/A       12%         5
 Ice Form                 Ice/Tmut       8%         N/A       32%         4
 Summon Ice Beast         Ice/Summ       8%         N/A       32%         4
 Summon Forest            Summ/Tloc      9%         N/A       32%         5
 Lightning Bolt           Conj/Air       4%         1d16      58%         5
 Freezing Cloud           Conj/Ice/Air   4%         6-21      61%         5
 Agony                    Necr           8%         N/A       65%         5
 Fireball                 Conj/Fire      4%         3d4       65%         5
 Eringya's Noxious Bog    Tmut/Pois      12%        N/A       65%         6
 Simulacrum               Ice/Necr       4%         N/A       99%         6
 Starburst                Conj/Fire      4%         6d3       99%         6
 Storm Form               Tmut/Air       4%         N/A       100%        7
 Summon Hydra             Summ           4%         N/A       100%        7
 Ignition                 Fire           4%         3d4       100%        8
 Lehudib's Crystal Spear  Conj/Erth      4%         10d3      100%        8
 Maxwell's Capacitive Co  Air            5%         ∞         100%        8
 Polar Vortex             Ice            4%         N/A       100%        9

Inventory:

Hand Weapons
 a - a +9 shortbow (weapon) {bow}
 l - a +1 short sword of speed {short}
   (You took it off a kobold on level 1 of the Dungeon)
 N - a +0 vorpal quarterstaff {staff}
   (You took it off Jorgrun on level 3 of the Spider Nest)
 U - a +2 shortbow of flaming {bow}
   (You took it off a centaur warrior on level 15 of the Dungeon)
 Z - a +0 lajatang of venom {staff}
   (You took it off Agnes on level 3 of the Lair of Beasts)
Missiles
 h - 5 throwing nets {=f!fthrowing}
 i - 210 stones {throwing}
 o - 86 poisoned darts {throwing}
 J - 4 silver boomerangs {throwing}
 M - a curare-tipped dart {=fthrowing}
 Y - 32 boomerangs {throwing}
Armour
 w - a +2 hat of stealth (worn)
   (You took it off Gastronok on level 9 of the Dungeon)
 L - a +2 cloak (worn)
   (You found it on level 2 of the Lair of Beasts)
 X - the +0 robe of Magic (worn) {Will+ Regen+ Int+4}
   (You found it on level 6 of the Lair of Beasts)

   Int:       It affects your intelligence (+4).
   Regen:     It increases your rate of health regeneration.
   Will:      It increases your willpower.
Jewellery
 f - a +4 ring of slaying (right hand)
   (You bought it in a shop on level 4 of the Dungeon)
 m - a ring of poison resistance
   (You found it on level 11 of the Dungeon)
 r - a ring of wizardry (left hand)
   (You found it on level 2 of the Dungeon)
 s - an amulet of regeneration (around neck) {@e2}
   (You found it on level 2 of the Dungeon)
 v - a ring of resist corrosion
   (You found it on level 3 of the Dungeon)
Wands
 y - a wand of digging (1)
   (You took it off Ijyb on level 3 of the Dungeon)
 E - a wand of iceblast (39)
   (You found it on level 5 of the Dungeon)
 G - a wand of acid (17)
   (You found it on level 7 of the Dungeon)
 I - a wand of flame (94)
   (You found it on level 7 of the Dungeon)
 T - a wand of paralysis (18)
   (You took it off an orc wizard on level 8 of the Dungeon)
Scrolls
 b - 3 scrolls of magic mapping {!r}
 c - 7 scrolls of vulnerability {!r!r}
 d - 8 scrolls of fog
 j - a scroll of silence {!r}
 k - 16 scrolls of teleportation {@r4}
 p - 6 scrolls of poison {!r}
 u - 5 scrolls of noise {!r}
 B - 6 scrolls of fear
 D - 5 scrolls of immolation {!r!r}
 Q - 8 scrolls of identify {@r1}
 V - 4 scrolls of torment {!r}
 W - 5 scrolls of enchant armour
Potions
 e - 5 potions of flight
 n - 13 potions of curing {@q1}
 q - 9 potions of might
 t - a potion of berserk rage {!q}
 x - 11 potions of ambrosia
 z - 6 potions of brilliance
 A - 4 potions of resistance
 F - 5 potions of haste {@q3}
 H - 2 potions of magic
 K - a potion of cancellation
 O - 5 potions of mutation {!q}
 P - 4 potions of lignification {!q}
 R - 4 potions of attraction {!q}
Miscellaneous
 g - a lightning rod (4/4)
   (You found it on level 9 of the Dungeon)
 C - a tin of tremorstones (2/2) {throwing}
   (You found it on level 1 of the Lair of Beasts)
 S - a box of beasts
   (You found it on level 3 of the Lair of Beasts)

Dungeon Overview and Level Annotations

Branches:
Dungeon (15/15) Zot: 25896  Temple (1/1) D:5 Zot: 5958    Lair (6/6) D:9 Zot: 25024
 Shoals (0/4) Lair:2       Spider (4/4) Lair:3 Zot: 20152   Slime (0/5) Lair:6
    Orc (2/2) D:11 Zot: 10813     Elf (1/3) Orc:2 Zot: 5856  Vaults (0/5) D:13
 Depths (0/4) D:15          IceCv (visited)         Gauntlet (visited)

Altars:
Ashenzari
Cheibriados
Dithmenos
Elyvilon
Fedhas
Gozag
Hepliaklqana
Kikubaaqudgha
Makhleb
Nemelex Xobeh
Okawaru
Qazlal
Ru
Sif Muna
Trog
Uskayaw
Vehumet
Wu Jian
Xom
Yredelemnul
Zin
The Shining One
Beogh
Jiyva

Shops:
D:4 =   D:8 !=?[   D:10 !:(   D:11 (   D:15 (   Orc:2 ((((

Annotations:
D:3 1 runed translucent door, Crazy Yiuf
D:9 2 runed translucent doors
Lair:3 Nikola
Lair:4 3 runed translucent doors, Zun Lasmi's ghost, journeyman VSTm
Elf:1 1 runed translucent door, Gorep's ghost, adept FeBe

......................^#.....^...
......^................^.....^...
.................................
.................................
..^..^...............^.....^.....
.......^......................#..
........^^.^........^......#..^..
..........^.....y................
...........#^.^.@..).............
^^..#.......................#....
.............^.^............^..#.
##.^...^......................)..
#.^......................^......
#^..^.....................#^.#..
##....#..[.^#.....^.............
##^..........^.................
#...................^.........


You could see a spark wasp.


Message History

I - a wand of flame (94) (gained 8 charges)
You enter the shallow water.
Moving in this stuff is going to be slow.
You enter the shallow water.
Moving in this stuff is going to be slow.
You enter the shallow water.
Moving in this stuff is going to be slow.
You open the large door.
An emperor scorpion, a spark wasp and 2 hornets come into view.
Danger!
You close the large door.
You open the large door.
Danger!
Casting: Olgreb's Toxic Radiance (mildly dangerous; 1% risk of failure)
Confirm with . or Enter, or press ? or * to list all spells.
You begin to radiate toxic energy.
The hornet buzzes angrily.
The hornet is poisoned.
The spark wasp buzzes angrily.
The spark wasp is poisoned.
The hornet buzzes angrily.
The hornet is poisoned.
The spark wasp looks even sicker.
The hornet looks even sicker.
You hear an angry hiss.
You hear an angry buzzing noise. x2
A hornet comes into view. x3; An emperor scorpion comes into view.
The hornet buzzes angrily. x2
The hornet is poisoned. x3
A ghost moth comes into view.
A spark wasp and an emperor scorpion come into view.
The spark wasp moves out of view.
The ghost moth stares at you.
You feel your power leaking away.
The spark wasp is poisoned.
Your toxic aura wanes.
The ghost moth stares at you.
You feel your power leaking away.
You enter the shallow water.
Moving in this stuff is going to be slow.
The spark wasp bursts into living lightning!
The living lightning hits you!
You emit a cloud of dark smoke.
The spark wasp blinks!
Danger!
Casting: Olgreb's Toxic Radiance (mildly dangerous; 1% risk of failure)
Confirm with . or Enter, or press ? or * to list all spells.
You miscast Olgreb's Toxic Radiance.
You are very lightly contaminated with residual magic.
Nothing appears to happen.
The spark wasp misses you. The spark wasp misses you.
The spark wasp looks more healthy.
Dithmenos accepts your kill.
You feel a bit more experienced. The ghost moth stares at you.
You feel your power leaking away. The ghost moth stares at you.
You feel your power leaking away.
Your magical contamination has completely faded away.
Danger!
Danger!
The spark wasp bursts into living lightning!
The living lightning misses you.
The spark wasp blinks!
The spark wasp completely misses you.
There is a huge open gate here.
The spark wasp barely misses you.
There is a huge open gate here.
There is a stone staircase leading up, spattered with blood here.
Shoot: a) +9 shortbow {bow}
Press: ? - help, Q - select action, (/) - cycle Shift-Dir - straight line, f - spark wasp
Aim: a spark wasp (umbra, 73% to hit)
You shoot an arrow. The arrow hits the spark wasp!
Your shadow shoots an arrow.
The arrow hits the spark wasp but does no damage.
Shoot: a) +9 shortbow {bow}
Press: ? - help, Q - select action, (/) - cycle Shift-Dir - straight line, f/p - spark wasp
Aim: a spark wasp (moderately wounded, umbra, 73% to hit)
You shoot an arrow. The arrow hits the spark wasp!!
The spark wasp stings you! The spark wasp shocks you!
Shoot: a) +9 shortbow {bow}
Press: ? - help, Q - select action, (/) - cycle Shift-Dir - straight line, f/p - spark wasp
Aim: a spark wasp (heavily wounded, umbra, 73% to hit)
You shoot an arrow. The arrow misses the spark wasp.
Your shadow shoots an arrow.
The arrow hits the spark wasp but does no damage.
The spark wasp stings you! The spark wasp shocks you!
* * * LOW HITPOINT WARNING * * *
Shoot: a) +9 shortbow {bow}
Press: ? - help, Q - select action, (/) - cycle Shift-Dir - straight line, f/p - spark wasp
Aim: a spark wasp (heavily wounded, umbra, 73% to hit)
You shoot an arrow. The arrow misses the spark wasp.
Your shadow shoots an arrow.
The arrow hits the spark wasp but does no damage.
The spark wasp stings you!
* * * LOW HITPOINT WARNING * * *
The spark wasp shocks you!
* * * LOW HITPOINT WARNING * * *
Unknown command.
You are confused.
You feel invigorated. The spark wasp completely misses you.
The spark wasp stings you.
* * * LOW HITPOINT WARNING * * *
The spark wasp shocks you!
You die...

Skill      XL: |  1  2  3  4  5  6  7  8  9 10 11 12 13 14 15 16 17 |
---------------+----------------------------------------------------+-----
Bows           | 3 4 5 6 8 9 11 14 16 | 16.0
Dodging        | 4 8 10 12 14 15 17 19 | 19.8
Fighting       | 1 5 6 7 9 12 13 14 | 14.8
Translocations | 2 5 |  5.0
Spellcasting   | 2 5 7 8 |  8.0
Stealth        | 2 4 5 7 |  7.4
Poison Magic   | 4 7 8 |  8.0
Invocations    | 4 6 9 11 13 | 13.9
Hexes          | 5 |  5.3
Air Magic      | |  0.9

Action                   |  1- 3 |  4- 6 |  7- 9 | 10-12 | 13-15 | 16-18 || total
-------------------------+-------+-------+-------+-------+-------+-------++-------
Melee: Dagger            |    12 |    33 |    27 |       |     1 |       ||    73
       Punch             |       |     1 |       |       |       |       ||     1
 Fire: Shortbow          |   116 |   143 |   470 |   991 |  1944 |  1131 ||  4795
 Cast: Portal Projectile |       |       |       |     1 |       |       ||     1
       Olgreb's Toxic Ra |       |       |       |    29 |   118 |    48 ||   195
       Blink             |       |       |       |     2 |     1 |       ||     3
Evoke: Wand              |       |       |     2 |       |       |     3 ||     5
  Use: Scroll            |       |    10 |    10 |    10 |     8 |     6 ||    44
       Potion            |       |       |       |       |     1 |     9 ||    10
Armor: Robe              |     4 |    12 |    23 |       |    11 |    21 ||    71
       Steam dragon scal |       |       |     2 |    12 |     9 |       ||    23
Dodge: Dodged            |    21 |    59 |   153 |   223 |   369 |   474 ||  1299

Levels and vault maps discovered:
D:1:      mrwooster_arrival_statue, layout_basic
D:2:      layout_basic, hellmonk_ecumenical_altar_watching_god, serial_shops,
          shop, uniq_terence
D:3:      layout_loops_cross, nicolae_tso_carved_into_rock, serial_glass,
          glass_columns_a, glass_columns_b, glass_columns_c, glass_columns_b,
          uniq_ijyb, uniq_crazy_yiuf_cottage
D:4:      layout_basic, fedhas_altar_fruit_tree, cheibriados_altar_1,
          marbit_many_paths, serial_shops, nicolae_stop_n_shop_1,
          minmay_misc_feat_x, st_stairs_11, patterned_corridor
D:5:      layout_rooms, nemelex_altar_shiori, minmay_temple_entry_overgrown,
          minmay_misc_feat_five
D:6:      layout_cave_pools, mainiacjoe_overflow_alcove_1, uniq_eustachio
D:7:      kennysheep_kobold_camp, layout_layer_cave,
          eat_drink_and_be_merry_uskayaw
D:8:      layout_gridville, serial_shops, nicolae_shop_hallway_plus,
          nicolae_shop_advertising_works [nicolae_subvault_shop_adworks], shop,
          kennysheep_mini, pf_guarded_unrand_meek
D:9:      cheibrodos_histonic, layout_loops_ring, erik_lair_orcish_takeover,
          uniq_gastronok
D:10:     layout_cross, grunt_temple_overflow_gold_and_silver, serial_shops,
          kennysheep_little_box, nicolae_shop_trees,
          nicolae_shop_bloodbath_and_beyond, worms_lemuel
D:11:     layout_loops_corners, orc_0_dummy, special_room [special_room_bee],
          serial_shops, nicolae_shop_crystal, uniq_fannar
D:12:     layout_cave_pools, gauntlet_entry_generic, serial_bayou,
          serial_bayou_shore_b, serial_bayou_pond_c, serial_bayou_shore_a,
          serial_bayou_crossing
D:13:     minmay_the_grid_octo_tiled_squarecenter
          [minmay_the_grid_octo_thin_diamonds, minmay_the_grid_octo_chip,
          minmay_the_grid_octo_vomiting_pacman, minmay_the_grid_octo_77,
          minmay_the_grid_square_5x5_megaprize_hollow,
          minmay_the_grid_square_5x5_spiral, minmay_the_grid_square_5x5_n,
          minmay_the_grid_square_5x5_minivault,
          minmay_the_grid_square_5x5_empty], layout_rooms,
          grunt_vaults_entry_tiered
D:14:     layout_gridville, nrook_uturn, kennysheep_another_room
D:15:     grunt_enter_depths_hoard, layout_stronghold, serial_shops,
          nicolae_shop_stone, drop_trap, nicolae_sif_muna_condensation
Temple:   nicolae_temple_god_jail
Lair:1:   layout_regular_city, serial_rivers, chequers_serial_rivers_micro_d,
          chequers_serial_rivers_room_a, chequers_serial_rivers_micro_a,
          chequers_serial_rivers_micro_c, chequers_serial_rivers_large_b
Lair:2:   layout_roguey, elwin_shoals_entry_stream, serial_bayou_pond_a,
          uniq_erica, uniq_harold
Lair:3:   layout_layer_cave, nicolae_spider_entry_orb_guardian,
          serial_bayou_shore_b, infiniplex_staircase_pool_2
Lair:4:   layout_gridlike, gammafunk_ghost_ooze, beast_lair_carwin_9,
          grunt_megastairs_5
Lair:5:   layout_regular_city, grunt_megastairs_4, uniq_josephine
Lair:6:   cheibrodos_lair_end_hotspot, layout_long_grid, slime_altar_1,
          portal_ice_cave_entry_pillars_2, basic_altar
Spider:1: layout_spider_delve, nicolae_spider_webs_and_nodes,
          nicolae_spider_undead_wolf_pack, uniq_agnes, uniq_nikola
Spider:2: layout_spider_delve, nicolae_spider_checkerboard
Spider:3: layout_spider_delve, uniq_arachne, uniq_jorgrun
Spider:4: spider_rune_water, uniq_aizul
Orc:1:    layout_caves, nicolae_orc_lost_temple
Orc:2:    st_orc_pillars, layout_caves, okawaru_metal_pillars_1_2
Elf:1:    layout_gridlike, ebering_ghost_xom, minivault_28, grunt_megastairs_1

Notes
Turn   | Place    | Note
-------+----------+-------------------------------------------
     0 | D:1      | Sobieck the Spriggan Arcane Marksman began the quest for
                  | the Orb.
     0 | D:1      | Reached XP level 1. HP: 9/9 MP: 3/3
   197 | D:1      | Reached skill level 3 in Bows
   236 | D:1      | Reached XP level 2. HP: 14/14 MP: 5/5
   525 | D:1      | Reached skill level 4 in Bows
   999 | D:2      | Found Yleimeg's Magic Scroll Boutique.
  1013 | D:2      | Noticed Terence
  1054 | D:2      | Killed Terence
  1055 | D:2      | Reached XP level 3. HP: 17/17 MP: 6/6
  1241 | D:2      | Reached skill level 5 in Bows
  1474 | D:2      | Found a faded altar of an unknown god.
  1475 | D:2      | Noticed a great orb of eyes
  1479 | D:2      | Noticed an eye of devastation
  1486 | D:2      | Noticed a great orb of eyes
  1486 | D:2      | Noticed a shining eye
  1821 | D:3      | Reached XP level 4. HP: 21/21 MP: 7/7
  1861 | D:3      | Found a runed translucent door.
  1862 | D:3      | Noticed Crazy Yiuf
  1935 | D:3      | Noticed Ijyb
  1967 | D:3      | Killed Ijyb
  2140 | D:3      | Found a glowing golden altar of the Shining One.
  2515 | D:4      | Reached skill level 6 in Bows
  2530 | D:4      | Noticed an ogre
  2590 | D:4      | Found Imovo's Jewellery Emporium.
  2721 | D:4      | Noticed a phantom
  2761 | D:3      | Killed a phantom
  2762 | D:3      | Reached XP level 5. HP: 25/25 MP: 8/8
  2817 | D:4      | Reached skill level 7 in Bows
  2989 | D:4      | Found a snail-covered altar of Cheibriados.
  3023 | D:4      | Found a white marble altar of Elyvilon.
  3118 | D:4      | Killed an ogre
  3119 | D:4      | Reached skill level 8 in Bows
  3119 | D:4      | Reached XP level 6. HP: 29/29 MP: 9/9
  3417 | D:4      | You pick up a book of Blood and begin reading...
  3417 | D:4      | You add the spells Sublimation of Blood, Wereblood and
                  | Summon Hydra to your library.
  3533 | D:4      | Found a blossoming altar of Fedhas.
  3642 | D:5      | Entered Level 5 of the Dungeon
  3673 | D:5      | Found a sparkling altar of Nemelex Xobeh.
  3803 | D:5      | Reached skill level 9 in Bows
  3819 | D:5      | Found a staircase to the Ecumenical Temple.
  3829 | Temple   | Entered the Ecumenical Temple
  3874 | Temple   | Became a worshipper of Dithmenos the Shadowed
  4059 | D:5      | Reached XP level 7. HP: 32/32 MP: 10/10
  4117 | D:5      | You add the spells Sting, Poisonous Vapours and Olgreb's
                  | Toxic Radiance to your library.
  4200 | D:5      | Reached skill level 10 in Bows
  4476 | D:6      | Noticed Eustachio
  4520 | D:5      | Killed Eustachio
  4521 | D:5      | Reached skill level 11 in Bows
  4567 | D:6      | Reached XP level 8. HP: 37/37 MP: 11/11
  4924 | D:6      | Reached skill level 12 in Bows
  5189 | D:6      | Found a shimmering blue altar of Sif Muna.
  5360 | D:7      | Reached skill level 13 in Bows
  5431 | D:7      | Reached * piety under Dithmenos
  5471 | D:7      | Found a hide-covered altar of Uskayaw.
  5789 | D:7      | Reached skill level 14 in Bows
  5789 | D:7      | Reached XP level 9. HP: 40/40 MP: 12/12
  7007 | D:8      | Found Ojyf Loe's Magic Scroll Shop.
  7028 | D:8      | Found Sauxarr's Armour Emporium.
  7147 | D:8      | Found Nisiloll's Jewellery Shop.
  7235 | D:8      | Reached skill level 15 in Bows
  7473 | D:8      | Found Bakel's Distillery.
  7875 | D:8      | Reached ** piety under Dithmenos
  7938 | D:8      | Reached skill level 16 in Bows
  7938 | D:8      | Reached skill level 3 in Dodging
  7942 | D:8      | Learned a level 3 spell: Portal Projectile
  7996 | D:8      | Found the +7 staff of the Meek {protect, meekguard}
  8156 | D:9      | Reached skill level 1 in Fighting
  8156 | D:9      | Reached skill level 1 in Translocations
  8183 | D:9      | Reached skill level 4 in Dodging
  8183 | D:9      | Reached skill level 2 in Spellcasting
  8183 | D:9      | Reached skill level 2 in Translocations
  8281 | D:9      | Reached XP level 10. HP: 46/46 MP: 15/15
  8321 | D:9      | Reached skill level 2 in Fighting
  8321 | D:9      | Reached skill level 3 in Spellcasting
  8321 | D:9      | Reached skill level 3 in Translocations
  8625 | D:9      | Identified the +0 leather armour of Fortitude {rPois rC++
                  | Str-5}
  8671 | D:9      | Reached skill level 5 in Dodging
  8715 | D:9      | Found a staircase to the Lair.
  8752 | D:9      | Reached skill level 4 in Translocations
  8920 | D:9      | Noticed Gastronok
  8965 | D:9      | Killed Gastronok
  8966 | D:9      | Reached skill level 3 in Fighting
  8966 | D:9      | Reached skill level 6 in Dodging
  8966 | D:9      | Reached skill level 4 in Spellcasting
  8966 | D:9      | Reached skill level 5 in Translocations
  8999 | D:9      | Found a runed translucent door.
  9036 | D:9      | Reached skill level 5 in Spellcasting
  9058 | D:9      | Reached skill level 7 in Dodging
  9194 | D:9      | Reached skill level 4 in Fighting
  9194 | D:9      | Reached skill level 1 in Stealth
  9216 | D:9      | Found a runed translucent door.
  9275 | D:10     | Entered Level 10 of the Dungeon
  9293 | D:10     | Reached skill level 2 in Stealth
  9328 | D:9      | Reached skill level 8 in Dodging
  9381 | D:10     | Reached *** piety under Dithmenos
  9488 | D:10     | Found Teigif's Weapon Shop.
  9492 | D:10     | Reached skill level 5 in Fighting
  9548 | D:10     | Learned a level 4 spell: Olgreb's Toxic Radiance
  9589 | D:10     | You add the spells Summon Forest and Eringya's Noxious Bog
                  | to your library.
  9642 | D:10     | Found Puoph's Distillery.
  9714 | D:10     | Found an opulent altar of Gozag.
  9714 | D:10     | Found a glowing silver altar of Zin.
  9835 | D:10     | Found Fichumiw's Book Emporium.
  9842 | D:10     | You pick up a book of Spatial Translocations and begin
                  | reading...
  9842 | D:10     | You add the spells Blink, Lesser Beckoning and Manifold
                  | Assault to your library.
  9846 | D:10     | Learned a level 2 spell: Blink
  9994 | Lair:1   | Entered Level 1 of the Lair of Beasts
  9999 | Lair:1   | Reached XP level 11. HP: 55/55 MP: 19/19
 10039 | Lair:1   | You pick up a book of Rime and begin reading...
 10039 | Lair:1   | You add the spells Frozen Ramparts, Ice Form and Summon Ice
                  | Beast to your library.
 10118 | Lair:1   | Reached skill level 1 in Poison Magic
 10118 | Lair:1   | Reached skill level 1 in Invocations
 10277 | Lair:1   | Reached skill level 2 in Poison Magic
 10277 | Lair:1   | Reached skill level 2 in Invocations
 10557 | Lair:1   | Reached skill level 6 in Spellcasting
 10617 | Lair:1   | You pick up a book of the Senses and begin reading...
 10617 | Lair:1   | You add the spells Dazzling Flash, Agony and Silence to
                  | your library.
 10748 | Lair:1   | Reached skill level 9 in Dodging
 10899 | Lair:1   | Reached skill level 3 in Poison Magic
 10899 | Lair:1   | Reached skill level 3 in Invocations
 11275 | Lair:2   | Noticed an eight-headed hydra
 11472 | Lair:1   | Reached skill level 6 in Fighting
 11511 | Lair:1   | Killed an eight-headed hydra
 11512 | Lair:1   | Reached skill level 7 in Spellcasting
 11512 | Lair:1   | Reached skill level 4 in Poison Magic
 11523 | Lair:2   | Noticed Harold
 11526 | Lair:2   | Noticed a boulder beetle
 11688 | Lair:1   | Killed Harold
 11689 | Lair:1   | Reached skill level 4 in Invocations
 11974 | Lair:2   | Reached skill level 10 in Dodging
 12058 | Lair:2   | Reached XP level 12. HP: 44/62 MP: 13/23
 12201 | Lair:2   | Reached **** piety under Dithmenos
 12301 | Lair:2   | Found a staircase to the Shoals.
 12376 | Lair:2   | Reached skill level 5 in Poison Magic
 12560 | Lair:2   | Reached skill level 5 in Invocations
 12726 | Lair:2   | Noticed Erica
 12768 | Lair:2   | Killed Erica
 12944 | Lair:2   | Killed a boulder beetle
 13158 | Lair:3   | Found a hole to the Spider Nest.
 13374 | Lair:3   | Reached skill level 7 in Fighting
 13391 | Lair:3   | Reached skill level 11 in Dodging
 13514 | Lair:3   | Noticed a six-headed hydra
 13545 | Lair:3   | Killed a six-headed hydra
 13546 | Lair:3   | Reached skill level 6 in Poison Magic
 13602 | Lair:3   | Reached skill level 6 in Invocations
 14174 | Lair:3   | Noticed a four-headed hydra
 14195 | Lair:3   | Killed a four-headed hydra
 14680 | Lair:4   | Reached skill level 12 in Dodging
 14823 | Lair:4   | Reached skill level 7 in Poison Magic
 14850 | Lair:4   | Reached ***** piety under Dithmenos
 14851 | Lair:4   | Reached XP level 13. HP: 64/68 MP: 16/24
 14854 | Lair:4   | Reached skill level 7 in Invocations
 14976 | Lair:4   | Found a runed translucent gate.
 14976 | Lair:4   | Found a runed translucent gate.
 15258 | Lair:4   | Reached skill level 8 in Fighting
 15647 | Lair:4   | Noticed Zun Lasmi's ghost (journeyman VSTm)
 15647 | Lair:4   | Noticed an azure jelly
 15648 | Lair:4   | Found a runed translucent gate.
 15648 | Lair:4   | Noticed an azure jelly
 15648 | Lair:4   | Noticed an acid blob
 15648 | Lair:4   | Noticed an azure jelly
 15934 | Lair:4   | Found a viscous altar of Jiyva.
 16372 | Lair:5   | Noticed Josephine
 16398 | Lair:5   | Killed Josephine
 16558 | Lair:5   | Reached skill level 13 in Dodging
 16558 | Lair:5   | Reached skill level 8 in Poison Magic
 16576 | Lair:5   | Reached skill level 8 in Invocations
 16946 | Lair:6   | Entered Level 6 of the Lair of Beasts
 17003 | Lair:6   | Identified the +0 robe of Magic {Will+ Regen+ Int+4}
 17071 | Lair:6   | You pick up a book of Minor Magic and begin reading...
 17071 | Lair:6   | You add the spells Magic Dart, Call Imp and Mephitic Cloud
                  | to your library.
 17496 | Lair:6   | Found a frozen archway.
 17504 | IceCv    | Entered an ice cave
 17514 | IceCv    | Reached skill level 9 in Fighting
 17874 | IceCv    | Reached skill level 14 in Dodging
 17874 | IceCv    | Reached skill level 9 in Invocations
 17903 | IceCv    | Reached skill level 3 in Stealth
 18198 | IceCv    | Reached skill level 4 in Stealth
 18220 | IceCv    | Reached XP level 14. HP: 68/75 MP: 25/25
 18326 | IceCv    | Reached skill level 5 in Stealth
 18398 | IceCv    | Noticed a frost giant
 18437 | IceCv    | Killed a frost giant
 18710 | IceCv    | Identified a +1 crystal plate armour of cold resistance
 18723 | IceCv    | Could not pick up a +1 crystal plate armour of cold
                  | resistance {rare=g} here; ([A]lways) ignore it?
 19020 | Lair:6   | Reached skill level 15 in Dodging
 19023 | Lair:6   | Reached skill level 10 in Fighting
 19098 | Lair:6   | Found a blossoming altar of Fedhas.
 19324 | D:4      | Bought a +4 ring of slaying for 1014 gold pieces
 19599 | Lair:6   | Found a viscous altar of Jiyva.
 19599 | Lair:6   | Found a staircase to the Slime Pits.
 19611 | Lair:6   | Reached ****** piety under Dithmenos
 20106 | Lair:6   | Reached skill level 11 in Fighting
 20160 | Lair:6   | Found a large runed translucent door.
 20161 | Lair:6   | Found a large runed translucent door.
 20479 | Lair:6   | HP: 11/79 [fire dragon/blast of flame (41)]
 21554 | D:11     | Noticed Fannar
 21600 | D:11     | Killed Fannar
 21601 | D:11     | Found Dycic's Weapon Boutique.
 22029 | D:11     | Found a staircase to the Orcish Mines.
 22237 | D:12     | Reached skill level 12 in Fighting
 22716 | D:12     | Found a gate leading to a gauntlet.
 22773 | Gauntlet | Entered a Gauntlet
 22773 | Gauntlet | Found a transporter.
 22784 | Gauntlet | Found a transporter.
 22784 | Gauntlet | Found a transporter.
 22786 | Gauntlet | Found a transporter.
 22805 | Gauntlet | Found a transporter.
 22821 | Gauntlet | Found a transporter.
 22823 | Gauntlet | Found a large runed translucent door.
 22823 | Gauntlet | Found a large runed translucent door.
 22824 | Gauntlet | Found a large runed translucent door.
 22824 | Gauntlet | Found a large runed translucent door.
 22825 | Gauntlet | Found a runed translucent door.
 22825 | Gauntlet | Found a large runed translucent door.
 22825 | Gauntlet | Found a large runed translucent door.
 22825 | Gauntlet | Found a runed translucent door.
 22825 | Gauntlet | Found a large runed translucent door.
 22825 | Gauntlet | Found a large runed translucent door.
 22826 | Gauntlet | Found a large runed translucent door.
 22826 | Gauntlet | Found a large runed translucent door.
 22828 | Gauntlet | Found a transporter.
 22849 | Gauntlet | Found a transporter.
 22858 | Gauntlet | Found a large runed translucent door.
 22859 | Gauntlet | Found a large runed translucent door.
 22860 | Gauntlet | Found a large runed translucent door.
 22861 | Gauntlet | Found a runed translucent gate.
 22862 | Gauntlet | Found a transporter.
 22862 | Gauntlet | Found a runed translucent gate.
 22863 | Gauntlet | Found a runed translucent gate.
 22864 | Gauntlet | Found a large runed translucent door.
 22865 | Gauntlet | Found a large runed translucent door.
 22866 | Gauntlet | Found a large runed translucent door.
 22878 | Gauntlet | Found a transporter.
 22883 | Gauntlet | Noticed a cacodemon
 22887 | Gauntlet | Found a transporter.
 22895 | Gauntlet | Found a transporter.
 22916 | Gauntlet | Found a transporter.
 23580 | D:13     | Reached XP level 15. HP: 84/84 MP: 25/27
 23662 | D:13     | Reached skill level 8 in Spellcasting
 24264 | D:13     | Reached skill level 10 in Invocations
 24748 | D:13     | Reached skill level 16 in Dodging
 24929 | D:13     | You pick up a book of Ice and begin reading...
 24929 | D:13     | You add the spells Freezing Cloud, Simulacrum and Polar
                  | Vortex to your library.
 24958 | D:13     | Found a gate to the Vaults.
 26097 | D:15     | Entered Level 15 of the Dungeon
 26109 | D:15     | You pick up a book of Vapours and begin reading...
 26383 | D:15     | Found Akaasyte's Weapon Emporium.
 26580 | D:15     | Reached skill level 13 in Fighting
 26654 | D:15     | Reached skill level 11 in Invocations
 26815 | D:15     | Reached skill level 17 in Dodging
 26985 | D:15     | Found a staircase to the Depths.
 27045 | D:15     | Found a shimmering blue altar of Sif Muna.
 27269 | D:15     | You pick up a book of Lightning and begin reading...
 27269 | D:15     | You add the spells Static Discharge, Lightning Bolt and
                  | Maxwell's Capacitive Coupling to your library.
 27679 | Orc:1    | Entered Level 1 of the Orcish Mines
 27886 | Orc:2    | Entered Level 2 of the Orcish Mines
 28146 | Orc:2    | Found a staircase to the Elven Halls.
 28397 | Orc:2    | Reached XP level 16. HP: 91/91 MP: 24/29
 28790 | Orc:2    | Found Xofamef's Weapon Shoppe.
 28793 | Orc:2    | Found Xatez's Weapon Shoppe.
 28794 | Orc:2    | Found Joetrot's Weapon Shoppe.
 28795 | Orc:2    | Found Jaumm's Weapon Emporium.
 28921 | Orc:2    | Found an iron altar of Okawaru.
 29324 | Elf:1    | Entered Level 1 of the Elven Halls
 29339 | Elf:1    | Reached skill level 12 in Invocations
 29479 | Elf:1    | Found a runed translucent door.
 29479 | Elf:1    | Found a shimmering altar of Xom.
 29479 | Elf:1    | Noticed Gorep's ghost (adept FeBe)
 29564 | Elf:1    | Reached skill level 18 in Dodging
 29774 | Spider:1 | Entered Level 1 of the Spider Nest
 29776 | Spider:1 | Noticed Agnes
 29806 | Lair:3   | Killed Agnes
 30073 | Spider:1 | Noticed Nikola
 30224 | Spider:1 | HP: 6/92 [Nikola/arc of chain lightning (43)]
 30405 | Lair:6   | You pick up a book of the Moon and begin reading...
 30405 | Lair:6   | You add the spells Passage of Golubria and Lehudib's
                  | Crystal Spear to your library.
 30414 | Lair:6   | You pick up a book of Spatial Translocations and begin
                  | reading...
 30662 | Spider:1 | Reached skill level 14 in Fighting
 31513 | Spider:2 | Reached skill level 13 in Invocations
 31517 | Spider:2 | Identified a scroll of acquirement
 31518 | Spider:2 | Acquired 614 gold pieces
 31742 | Spider:2 | Reached skill level 19 in Dodging
 32787 | Spider:3 | Noticed Jorgrun
 32801 | Spider:3 | Killed Jorgrun
 32860 | Spider:3 | Reached XP level 17. HP: 98/98 MP: 30/30
 33012 | Spider:3 | Identified the +5 chain mail of Wariness {rElec}
 33290 | Spider:3 | Noticed Arachne
 33387 | Spider:3 | Learned a level 5 spell: Silence
 33436 | Spider:3 | Killed Arachne
 34056 | Spider:4 | Entered Level 4 of the Spider Nest
 34185 | Spider:3 | HP: 9/98 [radroach (55)]
 34187 | Spider:3 | Reached skill level 4 in Hexes
 34190 | Spider:3 | Gained mutation: You are frail. (-10% HP) [mutagenic glow]
 34255 | Spider:4 | Reached skill level 6 in Stealth
 34521 | Spider:4 | Noticed Aizul
 34855 | Spider:2 | Killed Aizul
 35152 | Spider:4 | You pick up a book of Fire and begin reading...
 35152 | Spider:4 | You add the spells Fireball, Starburst and Ignition to your
                  | library.
 35413 | Spider:4 | Reached skill level 7 in Stealth
 35435 | Spider:4 | Reached skill level 5 in Hexes
 36003 | Spider:4 | HP: 11/88 [spark wasp (13)]
 36004 | Spider:4 | Slain by a spark wasp

Vanquished Creatures
  Arachne (Spider:3)
  Jorgrun (Spider:3)
  Gastronok (D:9)
  Agnes (Lair:3)
  2 emperor scorpions (Spider:3)
  3 ghost moths
  A frost giant (IceCv)
  Aizul (Spider:2)
  A broodmother (Spider:3)
  An entropy weaver (Spider:3)
  3 fire dragons
  Josephine (Lair:5)
  A great orb of eyes (D:13)
  Fannar (D:11)
  Harold (Lair:1)
  8 hydras
  2 vault guards (D:13)
  A jorogumo (Spider:2)
  8 boulder beetles
  3 radroaches
  Erica (Lair:2)
  7 centaur warriors
  2 dancing weapons (Elf:1)
  5 orc high priests (Orc:2)
  13 death yaks
  A deep elf knight (Elf:1)
  5 pharaoh ants
  A fire crab (Lair:6)
  9 skeletal warriors
  3 sun moths
  8 steelbarb worms
  6 orb spiders
  5 wolf spider zombies (Spider:1)
  4 spectral wolf spiders (Spider:1)
  A deep elf pyromancer (D:13)
  3 wizards
  A deep elf zephyrmancer (Elf:1)
  11 orc knights
  19 wolf spiders
  2 orc sorcerers
  2 manticores
  16 ugly things
  6 black mambas
  A moth of wrath (Spider:4)
  10 cyclopes
  10 elephants
  2 merfolk sirens (Lair:2)
  An ice statue (IceCv)
  3 torpor snails
  3 molten gargoyles (Lair:6)
  7 demonic crawlers
  11 komodo dragons
  3 kobold demonologists
  12 cane toads
  2 efreet
  A tengu conjurer (D:13)
  8 rime drakes
  5 trolls
  2 wolf spider simulacra (Spider:1)
  7 polar bears
  A queen bee (D:11)
  2 merfolk (Lair:2)
  3 meliai
  A tyrant leech (D:10)
  26 tarantellas
  A hornet (Spider:4)
  A blink frog (shapeshifter) (D:13)
  19 slime creatures
  9 blink frogs
  26 jumping spiders
  13 culicivoras
  A shadow (D:13)
  8 wraiths
  6 wyverns
  2 water elementals
  63 yaks
  Eustachio (D:5)
  21 humans (D:13)
  A golden eye (shapeshifter) (D:15)
  4 fire bats (Lair:4)
  9 basilisks
  36 redbacks
  6 steam dragons
  6 vampire mosquitoes
  6 wargs
  3 acid dragons
  4 swamp worms (D:10)
  14 water moccasins
  5 hell hounds (Lair:6)
  An ice beast (D:7)
  40 orc warriors
  A meliai simulacrum (D:14)
  5 black bears
  22 wolves
  2 centaurs
  4 ogres
  3 phantoms
  4 kobold brigands
  14 bullfrogs
  A scorpion (D:4)
  A gnoll sergeant (D:9)
  4 wights (D:9)
  36 killer bees
  4 electric eels
  3 howler monkeys
  5 lava snakes (Lair:6)
  4 hounds
  3 jellies
  40 orc priests
  2 gnoll shamans
  An iguana (D:5)
  Ijyb (D:3)
  Terence (D:2)
  18 orc wizards
  5 hell rats
  15 gnolls
  7 adders
  A shadow imp (D:4)
  2 white imps
  A worm (D:2)
  2 dart slugs
  49 orcs
  5 endoplasms
  3 giant cockroaches
  4 goblins
  3 hobgoblins (D:1)
  5 jackals
  34 kobolds
  6 quokkas
  7 ball pythons
  3 bats
  4 frilled lizards
  4 rats
939 creatures vanquished.

Vanquished Creatures (others)
  A culicivora (Spider:1)
  2 jumping spiders (Spider:1)
  13 demonic plants (Gauntlet)
  26 fungi
  69 plants
111 creatures vanquished.

Grand Total: 1050 creatures vanquished

Table legend:
 A = Non-vault XP
 B = Vault XP
 C = Vault XP percentage of total XP
 D = Non-vault monster count
 E = Vault monster count
 F = Vault count percentage of total count
                 A         B        C        D         E       F
            +---------+---------+-------+---------+---------+-------
      Total |  150790 |   96017 |  38.9 |     602 |     337 |  35.9
            +---------+---------+-------+---------+---------+-------
        D:1 |      34 |       0 |   0.0 |      22 |       0 |   0.0
        D:2 |      18 |      36 |  66.7 |       9 |       1 |  10.0
        D:3 |     128 |      36 |  22.0 |      14 |       1 |   6.7
        D:4 |     274 |     128 |  31.8 |      17 |       4 |  19.0
        D:5 |     570 |     208 |  26.7 |      15 |       1 |   6.2
        D:6 |     712 |       0 |   0.0 |      16 |       0 |   0.0
        D:7 |    1190 |     124 |   9.4 |      23 |      21 |  47.7
        D:8 |     442 |     804 |  64.5 |       9 |      10 |  52.6
        D:9 |    2940 |    2087 |  41.5 |      26 |       8 |  23.5
       D:10 |    1158 |     912 |  44.1 |       8 |       5 |  38.5
       D:11 |    4240 |    2794 |  39.7 |      17 |      28 |  62.2
       D:12 |    5773 |       0 |   0.0 |      24 |       0 |   0.0
       D:13 |    8721 |   16264 |  65.1 |      15 |      40 |  72.7
       D:14 |    6936 |       0 |   0.0 |      17 |       0 |   0.0
       D:15 |   15384 |    1825 |  10.6 |      37 |       2 |   5.1
     Lair:1 |    8869 |     878 |   9.0 |      30 |       1 |   3.2
     Lair:2 |    4372 |    2350 |  35.0 |      19 |       5 |  20.8
     Lair:3 |   11046 |    2145 |  16.3 |      35 |       2 |   5.4
     Lair:4 |    4052 |    3968 |  49.5 |      18 |      18 |  50.0
     Lair:5 |    5163 |    1737 |  25.2 |      22 |       5 |  18.5
     Lair:6 |   10490 |    8206 |  43.9 |      27 |      29 |  51.8
   Spider:1 |   13475 |    7827 |  36.7 |      37 |      14 |  27.5
   Spider:2 |   13360 |    1191 |   8.2 |      39 |       1 |   2.5
   Spider:3 |   15239 |    3915 |  20.4 |      34 |       2 |   5.6
   Spider:4 |    9255 |    9430 |  50.5 |      20 |      27 |  57.4
      Orc:1 |    2238 |       0 |   0.0 |      24 |       0 |   0.0
      Orc:2 |    2314 |   13589 |  85.4 |      24 |      73 |  75.3
      Elf:1 |    2397 |     787 |  24.7 |       4 |       1 |  20.0
      IceCv |       0 |   14776 | 100.0 |       0 |      38 | 100.0
            +---------+---------+-------+---------+---------+-------

Illustrated notes

Table legend:
 A = Kills in this place as a percentage of kills in entire the game.
 B = Kills by you in this place as a percentage of kills by you in the entire game.
 C = Kills by friends in this place as a percentage of kills by friends in the entire game.
 D = Other kills in this place as a percentage of other kills in the entire game.
 E = Experience gained in this place as a percentage of experience gained in the entire game.
 F = Experience gained in this place divided by the number of levels of this place that you have seen.
                   A       B       C       D       E      F
               +-------+-------+-------+-------+-------+----------------------
         Total | 100.0 | 100.0 |   N/A |   N/A | 100.0 | 7961.5
       Dungeon |  41.5 |  41.5 |   N/A |   N/A |  29.9 | 4915.9
          Lair |  22.5 |  22.5 |   N/A |   N/A |  25.6 | 10546.0
   Spider Nest |  18.5 |  18.5 |   N/A |   N/A |  29.9 | 18423.0
  Orcish Mines |  12.9 |  12.9 |   N/A |   N/A |   7.4 | 9070.5
   Elven Halls |   0.5 |   0.5 |   N/A |   N/A |   1.3 | 3184.0
      Ice Cave |   4.0 |   4.0 |   N/A |   N/A |   6.0 | 14776.0
               +-------+-------+-------+-------+-------+----------------------

Table legend: (Time is in decaauts)
 A = Elapsed time spent in this place.
 B = Non-inter-level travel time spent in this place.
 C = Inter-level travel time spent in this place.
 D = Time resting spent in this place.
 E = Time spent auto-exploring this place.
 F = Levels seen in this place.
 G = Mean time per level.
                   A        B        C        D        E       F      G
               +--------+--------+--------+--------+--------+-----+--------+
         Total |  24437 |  22732 |   1705 |   1882 |  12458 |  31 |  788.3 |
       Dungeon |  11455 |  10567 |    888 |    513 |   6478 |  15 |  763.7 |
        Temple |     41 |     32 |      9 |      0 |     18 |   1 |   41.0 |
          Lair |   6696 |   6122 |    574 |    529 |   3492 |   6 | 1116.0 |
   Spider Nest |   3846 |   3681 |    165 |    557 |   1510 |   4 |  961.5 |
  Orcish Mines |   1186 |   1119 |     67 |     69 |    645 |   2 |  593.0 |
   Elven Halls |    143 |    143 |      0 |      0 |     35 |   1 |  143.0 |
      Ice Cave |    966 |    966 |      0 |    212 |    279 |   1 |  966.0 |
      Gauntlet |    101 |    101 |      0 |      0 |      0 |   1 |  101.0 |
               +--------+--------+--------+--------+--------+-----+--------+

Top non-repeatable levels by time:
  Lair:3: 1487 daAuts
Spider:3: 1459 daAuts
  Lair:6: 1341 daAuts
    D:13: 1239 daAuts
  Lair:1: 1206 daAuts
    D:11: 1057 daAuts
  Lair:2: 1047 daAuts
    D:15: 984 daAuts
   IceCv: 966 daAuts
     D:7: 947 daAuts
     D:8: 937 daAuts
  Lair:4: 893 daAuts
     D:9: 891 daAuts
Spider:4: 887 daAuts
   Orc:2: 864 daAuts
